 Dungeon Crawl Stone Soup version 0.19-a0-739-gf2af308 (webtiles) character file.

86 Aksej the Twirler (level 4, -4/33 HPs)
             Began as a Demonspawn Gladiator on June 23, 2016.
             Slain by a gnoll
             ... wielding a +0 spear
              (6 damage)
             ... on level 3 of the Dungeon.
             The game lasted 00:03:34 (2276 turns).

Aksej the Twirler (Demonspawn Gladiator)            Turns: 2276, Time: 00:03:35

Health: -4/33      AC:  4    Str: 15      XL:     4   Next: 27%
Magic:  4/4        EV: 13    Int:  9      God:
Gold:   37         SH:  0    Dex: 13 (15) Spells: 0 memorised, 3 levels left

rFire  . . .     SeeInvis .     a - +0 quarterstaff
rCold  . . .     Gourm    .     b - +0 leather armour
rNeg   . . .     Faith    .     (shield currently unavailable)
rPois  .         Spirit   .     c - +0 helmet
rElec  .         Dismiss  .     (no cloak)
rCorr  .         Reflect  .     (no gloves)
SustAt .         Harm     .     (no boots)
MR     .....                    (no amulet)
Stlth  +.........               (no ring)
                                (no ring)

@: not resistant to hostile enchantments, very unstealthy
A: hooves 1, powered by pain 1
a: no special abilities


You were on level 3 of the Dungeon.
You were hungry.

You visited 1 branch of the dungeon, and saw 3 of its levels.

You collected 37 gold pieces.

Inventory:

Hand Weapons
 a - a +0 quarterstaff (weapon)
Missiles
 d - 3 throwing nets (quivered)
Armour
 b - a +0 leather armour (worn)
 c - a +0 helmet (worn)
Comestibles
 f - 3 bread rations
 i - a slice of pizza
 j - a beef jerky
 l - 2 meat rations


   Skills:
 + Level 2.2 Fighting
 * Level 3.9 Staves
 + Level 2.0 Throwing
 + Level 0.8 Armour
 + Level 3.1 Dodging


You had 3 spell levels left.
You didn't know any spells.

Dungeon Overview and Level Annotations

Branches:
Dungeon (3/15)

Altars:
Kikubaaqudgha
Nemelex Xobeh
Xom


Innate Abilities, Weirdness & Mutations

You have large cloven feet.
You sometimes gain a little power by taking damage.


Message History

The gnoll hits you with a spear.
You hit the gnoll.
The gnoll is lightly wounded.
The gnoll barely misses you. The bat barely misses you.
The hobgoblin hits you with a club. The gnoll closely misses you.
The gnoll hits you with a spear!
You hit the gnoll. You kick the gnoll, but do no damage.
The gnoll is heavily wounded.
The bat hits you but does no damage. The gnoll hits you but does no damage.
The hobgoblin hits you but does no damage.
The gnoll barely misses you. The gnoll closely misses you.
You closely miss the gnoll. You kick the gnoll, but do no damage.
The gnoll is heavily wounded.
The bat hits you but does no damage.
The hobgoblin hits you but does no damage.
The gnoll misses you.
The gnoll hits you from afar with a spear!
* * * LOW HITPOINT WARNING * * *
The gnoll hits you with a spear.
You die...

### #. ####.# #. #....#
#. #.##.# #. #.##.# # #.
#.##.# ######
#.##.##.##.# #....#
#.#.b..<#.##.####....#
+.?).gg@(.......'...>#
#?....g.#.#######....###
......g...# #.........#
..........# #.........#
....####### ####......#
#... #_# #......# ...
...8##......# ..
.....##......#
....._#......#


You could see 3 gnolls, a hobgoblin and a bat.

Vanquished Creatures
  3 adders
  A worm (D:2)
  2 dart slugs
  6 giant cockroaches (D:2)
  9 goblins
  6 hobgoblins
  3 jackals (D:3)
  A quokka (D:2)
  3 bats
  2 giant newts (D:2)
  8 kobolds
  7 rats
51 creatures vanquished.

Notes
Turn   | Place    | Note
--------------------------------------------------------------
     0 | D:1      | Aksej the Demonspawn Gladiator began the quest for the Orb.
     0 | D:1      | Reached XP level 1. HP: 16/16 MP: 1/1
   195 | D:1      | Gained mutation: You sometimes gain a little power by taking damage. [demonic ancestry]
   195 | D:1      | Reached XP level 2. HP: 17/22 MP: 2/2
   672 | D:2      | Found a faded altar of an unknown god.
   724 | D:2      | Found a sparkling altar of Nemelex Xobeh.
   751 | D:2      | Gained mutation: You have large cloven feet. [demonic ancestry]
   751 | D:2      | Reached XP level 3. HP: 20/27 MP: 3/3
  1444 | D:2      | HP: 1/27 [poisoned by an adder]
  1880 | D:2      | Reached XP level 4. HP: 33/33 MP: 4/4
  2020 | D:3      | Found an ancient bone altar of Kikubaaqudgha.
  2023 | D:3      | Found a shimmering altar of Xom.
  2023 | D:3      | Found a sparkling altar of Nemelex Xobeh.
  2276 | D:3      | Slain by a gnoll

Vault maps used:
D:1:      grunt_arrival_lava_bath, supply_closet_lemuel
D:2:      ecumenical_altar_1, first_bread, nemelex_spade_bored_becter
D:3:      nicolae_overflow_hidden_temple, uniq_jessica

Skill      XL: |  1  2  3 |
---------------+----------+-----
Staves         | 3 |  3.9
Throwing       | 2 |  2.0
Dodging        | 3 |  3.1
Fighting       | |  2.2
Armour         | |  0.8

Action                   |  1- 3 |  4- 6 || total
-------------------------+-------+-------++-------
Melee: Quarterstaff      |   160 |    37 ||   197
       Kick              |    25 |    15 ||    40
  Use: Potion            |     4 |       ||     4
       Scroll            |     3 |       ||     3
 Stab: Sleeping          |     1 |       ||     1
  Eat: Chunk             |     3 |     1 ||     4
Armor: Leather armour    |    43 |    16 ||    59
Dodge: Dodged            |   103 |    43 ||   146
